 Dungeon Crawl Stone Soup version 0.23-a0-512-g50a8178 (webtiles) character file.

2209 MisterFreud the Conjurer (level 9, -1/68 HPs)
             Began as a Naga Fire Elementalist on Dec 4, 2018.
             Was a Follower of Cheibriados.
             Slain by a wight
             ... wielding a cursed +5 war axe
              (2 damage)
             ... on level 6 of the Dungeon.
             The game lasted 00:21:52 (6334 turns).

MisterFreud the Conjurer (Naga Fire Elementalist)   Turns: 6334, Time: 00:21:53

Health: -1/68      AC:  9    Str: 13    XL:     9   Next: 34%
Magic:  3/17       EV: 10    Int: 22    God:    Cheibriados [*.....]
Gold:   120        SH:  4    Dex: 15    Spells: 6/19 levels left

rFire    . . .     SeeInvis +   r - +3 dagger (protect)
rCold    . . .     Gourm    .   t - +0 buckler
rNeg     . . .     Faith    .   H - +2 robe of Awe {rCorr}
rPois    +         Spirit   .   J - +1 helmet
rElec    .         Reflect  .   B - +0 cloak
rCorr    +         Harm     .   (no gloves)
MR       ++...                  (no barding)
Stlth    ++........             d - amulet of the acrobat
HPRegen  0.21/turn              h - ring of protection from magic
MPRegen  0.15/turn              (no ring)

@: drained, very slow
A: large, see invisible, deformed body, poison resistance, slowness 2, slow
metabolism 1, spit poison 1, AC +3
a: Spit Poison, Bend Time, Renounce Religion


You were on level 6 of the Dungeon.
You worshipped Cheibriados.
Cheibriados was aware of your devotion.
You were not hungry.

You visited 2 branches of the dungeon, and saw 7 of its levels.

You collected 255 gold pieces.
You spent 135 gold pieces at shops.

Inventory:

Hand Weapons
 b - a +0 short sword
 r - a +3 dagger of protection (weapon)
Missiles
 f - 41 bolts
 g - 137 stones (quivered)
 k - a throwing net
 q - 44 poisoned needles
 x - 81 arrows
 A - 7 tomahawks
 E - 16 sling bullets
Armour
 t - a +0 buckler (worn)
 z - a +2 leather armour of fire resistance
 B - a +0 cloak (worn)
 H - the +2 robe of Awe (worn) {rCorr}
   (You found it on level 5 of the Dungeon)

   It provides partial protection from all sources of acid and corrosion.
 J - a +1 helmet (worn)
Jewellery
 d - an amulet of the acrobat (around neck)
 h - a ring of protection from magic (left hand)
Wands
 e - a wand of acid (8)
Scrolls
 j - 4 scrolls of remove curse
 m - 3 scrolls of enchant weapon
 o - a scroll of immolation
 u - a scroll of amnesia {unknown}
 w - a scroll of fog
 y - a scroll of identify
 C - 2 scrolls of enchant armour {unknown}
 F - 3 scrolls of teleportation {unknown}
Potions
 a - a potion of curing
 i - 2 potions of mutation
 l - a potion of ambrosia
 n - 2 potions of might
 s - a potion of resistance
 v - a potion of brilliance {unknown}
 D - a potion of cancellation {unknown}
 I - a potion of invisibility {unknown}
Comestibles
 c - 11 rations
 p - 10 chunks of flesh


   Skills:
 - Level 1.5(1.2) Dodging
 - Level 3.0(2.6) Stealth
 - Level 2.4(2.0) Shields
 + Level 5.5(5.2) Spellcasting
 + Level 7.5(7.1) Conjurations
 + Level 7.5(7.1) Fire Magic


You had 6 spell levels left.
You knew the following spells:

 Your Spells              Type           Power        Failure   Level  Hunger
a - Flame Tongue          Conj/Fire      #####        1%          1    None
b - Conjure Flame         Conj/Fire      #####...     1%          3    ##.....
c - Sticky Flame          Conj/Fire      #####...     5%          4    ####...
d - Fireball              Conj/Fire      #####.....   16%         5    #####..

Your spell library contained the following spells:

 Spells                   Type           Power        Failure   Level  Hunger
 Throw Flame              Conj/Fire      #####.       1%          2    None
 Inner Flame              Hex/Fire       ###.....     8%          3    ##.....


Dungeon Overview and Level Annotations

Branches:
Dungeon (6/15)             Temple (1/1) D:5

Altars:
Cheibriados
Dithmenos
Fedhas
Gozag
Hepliaklqana
Kikubaaqudgha
Makhleb
Nemelex Xobeh
Okawaru
Qazlal
Ru
Sif Muna
Trog
Uskayaw
Vehumet
Wu Jian
Xom
Yredelemnul
Zin
The Shining One

Shops:
D:4 =   D:5 [


Innate Abilities, Weirdness & Mutations

You cannot wear boots.
Your serpentine skin is tough. (AC +3)
You have supernaturally acute eyesight. (SInv)
Armour fits poorly on your strangely shaped body.
Your system is resistant to poisons. (rPois)
You cover ground very slowly.
You have a slow metabolism.
You can spit poison.


Message History

Okay, then.
Unknown command.
You feel better.
The centaur burns!
You kill the centaur!
Cheibriados thoroughly appreciates the change of pace.
The bullfrog hits you but does no damage.
Casting: Sticky Flame (safe; 4% risk of failure)
Confirm with . or Enter, or press ? or * to list all spells.
Aiming: Sticky Flame (safe; 4% risk of failure)
Press: ? - help, Shift-Dir - straight line, f - bullfrog
Aim: a bullfrog The sticky flame hits the bullfrog.
The bullfrog is heavily wounded.
The bullfrog is covered in liquid flames!
The bullfrog burns!
The bullfrog hits you.
* * * LOW HITPOINT WARNING * * *
The wight hits you with a cursed +5 war axe!
* * * LOW HITPOINT WARNING * * *
You feel drained.
You die...

.#.## .. ...# . #....# .
#.# ##.#.# .# #..#
.#.#.### ###. #...#
...... .##.. #..# ##.#.
.....######...##
#.#.####.##.....)......
#......#)## #.@z.#.#
#.......).####.(F...#
#..........##.......#
#...................#
............(......#
######.......##.....##
.)..........###.....####
######.......#.........#
#.......#.<.......#


You could see a bullfrog (burning) and a wight.

Vanquished Creatures
  Pikel (D:4)
  An orc warrior (D:6)
  A slave (D:3)
  An ice beast (D:5)
  5 ogres
  2 centaurs
  A bullfrog (D:6)
  2 wights (D:5)
  A hound (D:6)
  6 orc wizards
  5 orc priests
  2 bullfrog skeletons
  Jessica (D:3)
  A centaur skeleton (D:4)
  An iguana (D:5)
  Ijyb (D:3)
  Terence (D:2)
  Natasha (thrice) (D:2)
  3 worker ants
  A hound skeleton (D:6)
  5 adders
  A shadow imp (D:6)
  3 oozes
  An adder skeleton (D:4)
  A worm (D:3)
  3 dart slugs
  3 leopard geckos (D:4)
  18 orcs
  5 bats
  7 giant cockroaches
  14 goblins
  9 hobgoblins
  18 jackals
  A quokka (D:5)
  3 frilled lizards
  A jackal skeleton (D:6)
  10 kobolds
  8 rats
151 creatures vanquished.

Vanquished Creatures (others)
  A giant cockroach (D:4)
  6 goblins (D:4)
7 creatures vanquished.

Grand Total: 158 creatures vanquished

Notes
Turn   | Place    | Note
-------+----------+-------------------------------------------
     0 | D:1      | MisterFreud the Naga Fire Elementalist began the quest for
                  | the Orb.
     0 | D:1      | Reached XP level 1. HP: 15/15 MP: 3/3
    62 | D:1      | Reached XP level 2. HP: 6/22 MP: 1/5
    74 | D:1      | HP: 1/22 [giant cockroach (1)]
   655 | D:1      | Reached XP level 3. HP: 23/28 MP: 6/6
  1338 | D:2      | Noticed Natasha
  1345 | D:2      | Killed Natasha
  1345 | D:2      | Reached XP level 4. HP: 30/36 MP: 3/7
  1564 | D:2      | Learned a level 3 spell: Conjure Flame
  1669 | D:2      | Noticed Natasha
  1683 | D:2      | Killed Natasha
  1683 | D:2      | Reached XP level 5. HP: 38/42 MP: 2/8
  1979 | D:2      | Noticed Terence
  1987 | D:2      | Killed Terence
  2167 | D:2      | Found a sacrificial altar of Ru.
  2167 | D:2      | Found an opulent altar of Gozag.
  2167 | D:2      | Found a burning altar of Makhleb.
  2288 | D:2      | Noticed Natasha
  2299 | D:2      | Killed Natasha
  2474 | D:3      | Reached XP level 6. HP: 47/49 MP: 6/9
  2592 | D:3      | Learned a level 4 spell: Sticky Flame
  2716 | D:3      | Noticed Jessica
  2719 | D:3      | Killed Jessica
  2877 | D:3      | Noticed Ijyb
  2894 | D:3      | Killed Ijyb
  3080 | D:3      | Found a glowing golden altar of the Shining One.
  3269 | D:4      | Found Huadwopu's Jewellery Emporium.
  3279 | D:4      | Reached skill level 5 in Conjurations
  3370 | D:4      | Found a hazy altar of Hepliaklqana.
  3385 | D:4      | Reached skill level 1 in Shields
  3385 | D:4      | Reached skill level 5 in Fire Magic
  3691 | D:4      | Reached XP level 7. HP: 55/55 MP: 7/10
  3937 | D:4      | Noticed Pikel
  4494 | D:4      | Killed Pikel
  4494 | D:4      | Reached XP level 8. HP: 35/62 MP: 0/13
  4889 | D:5      | Entered Level 5 of the Dungeon
  4927 | D:5      | Found a staircase to the Ecumenical Temple.
  4944 | Temple   | Entered the Ecumenical Temple
  5021 | Temple   | Became a worshipper of Cheibriados the Contemplative
  5175 | D:5      | Learned a level 5 spell: Fireball
  5665 | D:5      | Got a brightly glowing robe
  5676 | D:5      | Identified the +2 robe of Awe {rCorr} (You found it on
                  | level 5 of the Dungeon)
  5718 | D:5      | Reached XP level 9. HP: 68/68 MP: 11/16
  5756 | D:5      | Reached * piety under Cheibriados
  5756 | D:5      | Reached skill level 5 in Spellcasting
  5863 | D:5      | Found Dioleow's Antique Armour Shop.
  5869 | D:5      | Bought a shiny helmet for 135 gold pieces
  6268 | D:6      | Found a glowing silver altar of Zin.
  6330 | D:6      | HP: 3/68 [bullfrog (3)]
  6334 | D:6      | HP: 1/68 [wight/cursed +5 war axe (10)]
  6334 | D:6      | Slain by a wight

Vault maps used:
D:1:      enne_arrival_octagon_isle, minmay_heptomino_d4
D:2:      gammafunk_temple_overflow_claw, first_ration, serial_rivers,
          chequers_serial_rivers_marsh, chequers_serial_rivers_micro_e,
          chequers_serial_rivers_room_b, chequers_serial_rivers_micro_a,
          chequers_serial_rivers_micro_b, chequers_serial_rivers_large_a,
          uniq_natasha, uniq_terence
D:3:      tso_oasis_becter, uniq_jessica, uniq_ijyb
D:4:      lemuel_doored_altar, serial_shops, nicolae_shop_trees,
          minmay_ogre_servants, uniq_pikel
D:5:      minmay_temple_entry_arrows, serial_shops, shop_fountains,
          kennysheep_dice
D:6:      basic_altar, hangedman_abyss_or_decor_slice
Temple:   minmay_crystal_spiral_temple

Skill      XL: |  1  2  3  4  5  6  7  8  9 |
---------------+----------------------------+-----
Conjurations   | 2 3 4 5 6 7 |  7.5
Fire Magic     | 4 5 6 7 |  7.5
Shields        | 2 |  2.4
Spellcasting   | 3 4 5 |  5.5
Dodging        | |  1.5
Stealth        | |  3.0

Action                   |  1- 3 |  4- 6 |  7- 9 || total
-------------------------+-------+-------+-------++-------
Melee: Short sword       |    19 |    26 |       ||    45
       Unarmed           |     1 |       |       ||     1
       Dagger            |       |    25 |   167 ||   192
 Cast: Flame Tongue      |    23 |    74 |    37 ||   134
       Conjure Flame     |       |     1 |     1 ||     2
       Sticky Flame      |       |     1 |    23 ||    24
 Abil: Spit Poison       |    28 |    43 |    16 ||    87
Evoke: Wand              |       |       |     3 ||     3
  Use: Scroll            |     2 |     4 |     6 ||    12
       Potion            |       |       |     3 ||     3
 Stab: Sleeping          |     2 |     3 |     5 ||    10
  Eat: Chunk             |     2 |    11 |     8 ||    21
       Ration            |       |       |     1 ||     1
Armor: Robe              |     9 |    18 |    67 ||    94
Dodge: Dodged            |    27 |    69 |    86 ||   182
Block: Buckler           |       |       |    41 ||    41

Table legend:
 A = Non-vault XP
 B = Vault XP
 C = Vault XP percentage of total XP
 D = Non-vault monster count
 E = Vault monster count
 F = Vault count percentage of total count
                 A         B        C        D         E       F
            +---------+---------+-------+---------+---------+-------
      Total |    2152 |    1004 |  31.8 |     138 |      12 |   8.0
            +---------+---------+-------+---------+---------+-------
        D:1 |      39 |      10 |  20.4 |      24 |       3 |  11.1
        D:2 |     138 |      71 |  34.0 |      29 |       2 |   6.5
        D:3 |     161 |      73 |  31.2 |      30 |       2 |   6.2
        D:4 |     561 |     740 |  56.9 |      22 |       4 |  15.4
        D:5 |     693 |     110 |  13.7 |      20 |       1 |   4.8
        D:6 |     560 |       0 |   0.0 |      13 |       0 |   0.0
            +---------+---------+-------+---------+---------+-------
